 Dungeon Crawl Stone Soup version 0.18.1-48-g4cf74bf (webtiles) character file.

25179 tyranidshit the Warrior (level 12, -23/124 HPs)
             Began as a Minotaur Berserker on July 15, 2016.
             Was a High Priest of Trog.
             Annihilated by Rupert
             ... wielding a +3 great sword of protection
              (33 damage)
             ... on level 6 of the Lair of Beasts.
             The game lasted 00:55:31 (10511 turns).

tyranidshit the Warrior (Minotaur Berserker)       Turns: 10511, Time: 00:55:31

Health: -23/124    AC: 21    Str: 25    XL:     12   Next: 87%
Magic:  11/11      EV: 12    Int:  4    God:    Trog [*****.]
Gold:   995        SH:  6    Dex: 14    Spells: 0 memorised, 11 levels left

rFire  . . .     SeeInvis .     F - +1 battleaxe of Springtime {speed, Stlth+}
rCold  + . .     Gourm    .     h - +2 chain mail {rPois}
rNeg   . . .     Faith    .     (shield currently unavailable)
rPois  +         Spirit   .     (helmet restricted)
rElec  .         Dismiss  .     Y - +2 cloak
rCorr  .         Reflect  +     J - +2 pair of gloves
SustAt .         Harm     .     (no boots)
MR     .....                    s - +6 amulet of reflection
Stlth  ..........               w - +2 ring of dexterity
                                v - ring of protection from cold

@: not resistant to hostile enchantments, extremely unstealthy
A: retaliatory headbutt, horns 2
a: Berserk, Trog's Hand, Brothers in Arms, Burn Spellbooks, Renounce Religion


You were on level 6 of the Lair of Beasts.
You worshipped Trog.
Trog was extremely pleased with you.
You were not hungry.

You visited 2 branches of the dungeon, and saw 17 of its levels.

You collected 995 gold pieces.

Inventory:

Hand Weapons
 k - a +0 war axe
 F - the +1 battleaxe of Springtime (weapon) {speed, Stlth+}
   (You acquired it on level 10 of the Dungeon)

   Attacks with this weapon are significantly faster.
   It makes you more stealthy.
 R - the +3 shortbow of Desertification {velocity, rPois SInv}
   (You found it on level 7 of the Dungeon)

   Any arrow fired from it inflicts extra damage.
   It protects you from poison.
   It lets you see invisible.
Missiles
 u - a tomahawk of dispersal (quivered)
 E - 48 arrows
 S - 3 curare-tipped needles
Armour
 b - a +0 animal skin
 e - a +1 ring mail
 h - a +2 chain mail of poison resistance (worn)
 p - a +0 plate armour
 J - a +2 pair of gloves (worn)
 Y - a +2 cloak (worn)
Jewellery
 s - a +6 amulet of reflection (around neck)
 v - a ring of protection from cold (left hand)
 w - a +2 ring of dexterity (right hand)
 G - an uncursed ring of magical power
Wands
 a - a wand of teleportation (5/9)
 i - a wand of digging (6/24)
 N - a wand of teleportation (3/9)
 O - a wand of digging (8/24)
Scrolls
 g - 3 scrolls of fog
 j - 2 scrolls of recharging
 l - a scroll of immolation
 A - a scroll of random uselessness
 D - 3 scrolls of remove curse
 H - 2 scrolls of magic mapping
 I - a scroll of fear
 M - 2 scrolls of identify
 P - a scroll of enchant weapon
 Q - 2 scrolls of teleportation
Potions
 f - 4 potions of brilliance
 m - a potion of agility
 q - 3 potions of curing
 r - 2 potions of magic
 z - 2 potions of lignification
 B - a potion of might
 C - 6 potions of flight
 L - a potion of mutation
 U - a potion of haste
Miscellaneous
 W - an ornate deck of summoning
Comestibles
 c - 7 bread rations
 d - 11 meat rations
 n - a slice of pizza
 x - 2 royal jellies
 K - 2 beef jerkies


   Skills:
 - Level 16.9 Fighting
 - Level 12.3 Axes
 + Level 13.0 Armour
 + Level 7.2 Dodging


You had 11 spell levels left.
You didn't know any spells.

Dungeon Overview and Level Annotations

Branches:
Dungeon (10/15)            Temple (0/1) D:4            Lair (7/8) D:9
 Shoals (0/4) Lair:5        Snake (0/4) Lair:3          Orc (0/2) D:9
  Slime: Lair:6-8

Altars:
Elyvilon
Makhleb
Nemelex Xobeh
Qazlal
Ru
Xom
Yredelemnul
Zin

Annotations:
Lair:6 Rupert


Innate Abilities, Weirdness & Mutations

You reflexively headbutt those who attack you in melee.
You have a pair of horns on your head.


Message History

You headbutt the giant frog.
Rupert looks confused.
The giant frog hits you but does no damage.
Rupert roars madly and goes into a rage!
Rupert goes berserk!
You block the giant frog's attack. The giant frog closely misses you.
You furiously retaliate!
You headbutt the giant frog. You block Rupert's attack.
The giant frog hits you.
The giant frog hits you but does no damage.
Rupert hits you with a great sword of protection!
The giant frog misses you. You furiously retaliate!
You headbutt the giant frog!
You kill the giant frog!
Trog accepts your kill. Rupert closely misses you.
Rupert hits you with a great sword of protection!!
* * * LOW HITPOINT WARNING * * *
Rupert hits you with a great sword of protection!!
You die...

'####P..........##.......##......
.†.###.#.........#..P.[.##.......
##...#.8.......[.....P.$.........
...†#.....#..................[#..
8.†.'†.>.8###..............#..P..
....††....###..............!.....
#...##.8................P........
"..#.#####.................P.....
+.##..P###....>.@@.......P.......
...#..?#.P.........)...†......P..
....#...P..<................##...
.....#P........#............P..P.
8.#...........††.................
..#..............#...............
..#.#.....P......................
...##..........##.#.............P
#+.##.P........##................


You could see Rupert (berserk).

Vanquished Creatures
  2 hydras
  Harold (Lair:3)
  Erolcha (D:10)
  Erica (D:8)
  Sonja (Lair:3)
  2 hill giants (D:10)
  A griffon (Lair:3)
  A black mamba (Lair:4)
  Psyche (D:9)
  3 spiny frogs
  A rime drake (Lair:5)
  4 komodo dragons
  A troll (D:10)
  5 blink frogs (Lair:2)
  A spriggan (D:8)
  43 yaks
  A wraith (D:10)
  6 hippogriffs
  Edmund (D:4)
  3 nagas (Lair:3)
  3 orc warriors
  6 porcupines
  8 water moccasins
  3 ice beasts
  A black bear (D:7)
  An eye of draining (D:9)
  4 ogres
  A phantom (D:4)
  2 sky beasts
  12 wolves
  6 centaurs
  8 crocodiles
  14 giant frogs
  5 killer bees (D:10)
  A scorpion (D:4)
  3 wights (D:6)
  4 howler monkeys
  2 crimson imps (D:8)
  2 giant frog zombies
  6 orc priests
  A giant frog skeleton (D:6)
  2 hounds
  2 jellies
  9 orc wizards
  A centaur skeleton (D:7)
  Natasha (thrice) (D:3)
  11 iguanas
  4 worker ants
  5 hell rats
  21 sheep
  A hound zombie (D:5)
  2 hound skeletons (D:4)
  4 gnolls (D:8)
  11 adders
  29 river rats
  A shadow imp (D:7)
  2 oozes
  An adder skeleton (D:5)
  A worm (D:3)
  4 dart slugs
  3 giant geckos
  34 orcs
  5 bats
  6 giant cockroaches
  12 goblins
  8 hobgoblins
  5 jackals
  6 quokkas
  3 ball pythons
  A giant gecko skeleton (D:6)
  7 giant newts
  5 kobolds
  A quokka skeleton (D:4)
  4 rats
  2 fungi
  6 plants
395 creatures vanquished.

Vanquished Creatures (others)
  An orc (D:9)
  2 quokkas (D:6)
  2 fungi (Lair:2)
  3 plants (Lair:3)
8 creatures vanquished.

Grand Total: 403 creatures vanquished

Notes
Turn   | Place    | Note
--------------------------------------------------------------
     0 | D:1      | tyranidshit the Minotaur Berserker began the quest for the Orb.
     0 | D:1      | Reached XP level 1. HP: 19/19 MP: 0/0
    25 | D:1      | Reached skill level 4 in Fighting
    45 | D:1      | Reached XP level 2. HP: 21/27 MP: 1/1
   377 | D:1      | Reached skill level 5 in Fighting
   580 | D:1      | Reached ** piety under Trog
   694 | D:1      | Reached XP level 3. HP: 36/36 MP: 2/2
   730 | D:2      | Found a shimmering altar of Xom.
  1220 | D:2      | Found a sacrificial altar of Ru.
  1493 | D:3      | Reached XP level 4. HP: 44/44 MP: 3/3
  1545 | D:3      | Reached skill level 6 in Fighting
  1627 | D:3      | Noticed Natasha
  1629 | D:3      | Killed Natasha
  1677 | D:3      | Reached *** piety under Trog
  1818 | D:3      | Noticed Natasha
  1822 | D:3      | Killed Natasha
  1822 | D:3      | Reached skill level 7 in Fighting
  1822 | D:3      | Reached XP level 5. HP: 42/52 MP: 4/4
  1899 | D:3      | Noticed Natasha
  1910 | D:3      | Killed Natasha
  2055 | D:3      | Gained mutation: Your mind is acute. (Int +2) [potion of beneficial mutation]
  2252 | D:4      | Reached skill level 8 in Fighting
  2256 | D:4      | Found a staircase to the Ecumenical Temple.
  2274 | D:4      | Reached XP level 6. HP: 46/61 MP: 5/5
  2362 | D:4      | Noticed Edmund
  2378 | D:4      | Killed Edmund
  2378 | D:4      | Reached skill level 9 in Fighting
  2542 | D:4      | Reached XP level 7. HP: 61/70 MP: 6/6
  2565 | D:4      | Found a glowing silver altar of Zin.
  2940 | D:5      | Entered Level 5 of the Dungeon
  2950 | D:5      | Reached skill level 10 in Fighting
  3492 | D:6      | Reached skill level 11 in Fighting
  3560 | D:6      | Reached XP level 8. HP: 57/82 MP: 7/7
  3616 | D:6      | Found a sparkling altar of Nemelex Xobeh.
  3654 | D:6      | Reached skill level 5 in Axes
  3724 | D:6      | Reached skill level 5 in Armour
  3808 | D:6      | Reached **** piety under Trog
  3882 | D:6      | Found a stormy altar of Qazlal.
  3973 | D:6      | Found a white marble altar of Elyvilon.
  3996 | D:6      | Found a stormy altar of Qazlal.
  4050 | D:6      | Found a basalt altar of Yredelemnul.
  4212 | D:6      | Found a burning altar of Makhleb.
  4214 | D:6      | Noticed a cacodemon
  4485 | D:7      | Got a scorched shortbow
  4486 | D:7      | Identified the cursed +3 shortbow of Desertification {velocity, rPois SInv} (You found it on level 7 of the Dungeon)
  4786 | D:7      | Reached XP level 9. HP: 77/89 MP: 8/8
  5435 | D:8      | Noticed Erica
  5462 | D:8      | HP: 3/89 [something (5)]
  5462 | D:8      | HP: 1/89 [something (2)]
  5466 | D:8      | Killed Erica
  5721 | D:9      | Found a staircase to the Orcish Mines.
  6273 | D:9      | Reached skill level 10 in Axes
  6278 | D:9      | Reached skill level 10 in Armour
  6278 | D:9      | Reached XP level 10. HP: 96/96 MP: 9/9
  6279 | D:9      | Reached ***** piety under Trog
  6375 | D:9      | Found a staircase to the Lair.
  6531 | D:9      | Noticed Psyche
  6546 | D:9      | Killed Psyche
  6755 | D:10     | Entered Level 10 of the Dungeon
  6988 | D:10     | Noticed Erolcha
  6999 | D:10     | Killed Erolcha
  6999 | D:10     | Reached skill level 12 in Fighting
  7037 | D:10     | Noticed a hill giant
  7044 | D:10     | Killed a hill giant
  7141 | D:10     | Reached skill level 13 in Fighting
  7150 | D:10     | Identified a scroll of acquirement
  7151 | D:10     | Got a jewelled battleaxe
  7152 | D:10     | Identified the +1 battleaxe of Springtime {speed, Stlth+} (You acquired it on level 10 of the Dungeon)
  7325 | D:10     | Noticed a hill giant
  7334 | D:10     | Killed a hill giant
  7374 | Lair:1   | Entered Level 1 of the Lair of Beasts
  7431 | Lair:1   | Reached XP level 11. HP: 64/107 MP: 10/10
  7606 | Lair:1   | Reached skill level 14 in Fighting
  7735 | Lair:1   | Noticed a seven-headed hydra
  7746 | Lair:1   | Killed a 14-headed hydra
  8313 | Lair:2   | Received a gift from Trog
  8313 | Lair:2   | Reached skill level 15 in Fighting
  8328 | Lair:2   | Noticed a five-headed hydra
  8675 | Lair:3   | Noticed Sonja
  8756 | Lair:3   | Reached skill level 16 in Fighting
  8787 | Lair:3   | Killed Sonja
  8881 | Lair:3   | Found a staircase to the Snake Pit.
  8949 | Lair:3   | Noticed Harold
  8987 | Lair:3   | Killed Harold
  9012 | Lair:3   | Reached XP level 12. HP: 71/124 MP: 11/11
  9394 | Lair:4   | Noticed a death yak
  9396 | Lair:4   | Noticed a death yak
  9396 | Lair:4   | Noticed a death yak
  9397 | Lair:4   | Noticed a death yak
  9397 | Lair:4   | Noticed a death yak
  9475 | Lair:5   | Found a staircase to the Shoals.
  9824 | Lair:5   | Reached skill level 5 in Dodging
  9943 | Lair:5   | Received a gift from Trog
 10228 | Lair:6   | Noticed a six-headed hydra
 10234 | Lair:6   | Killed a ten-headed hydra
 10263 | Lair:6   | Gained mutation: You are partially covered in slimy green scales (AC +2). [potion of mutation]
 10263 | Lair:6   | Gained mutation: You are weak. (Str -2) [potion of mutation]
 10263 | Lair:6   | Lost mutation: Your mind is acute. (Int +2) [potion of mutation]
 10265 | Lair:6   | Lost mutation: You are weak. (Str -2) [potion of cure mutation]
 10265 | Lair:6   | Lost mutation: You are partially covered in slimy green scales (AC +2). [potion of cure mutation]
 10382 | Lair:6   | Noticed Rupert
 10486 | Lair:7   | Noticed an eight-headed hydra
 10511 | Lair:6   | Annihilated by Rupert

Skill      XL: |  1  2  3  4  5  6  7  8  9 10 11 12 |
---------------+-------------------------------------+-----
Fighting       | 4 5 7 8 9 11 13 16 | 16.9
Axes           | 4 7 10 11 12 | 12.3
Armour         | 6 10 11 13 | 13.0
Dodging        | 7 |  7.2

Action                   |  1- 3 |  4- 6 |  7- 9 | 10-12 || total
-------------------------+-------+-------+-------+-------++-------
Melee: Hand axe          |   175 |    17 |       |       ||   192
       Headbutt          |    53 |    18 |    42 |   127 ||   240
       War axe           |       |    84 |   226 |    94 ||   404
       Battleaxe         |       |       |       |   451 ||   451
 Fire: Shortbow          |       |       |    24 |     5 ||    29
Invok: Trog's Hand       |       |     2 |     4 |    19 ||    25
       Berserk           |       |       |     5 |     4 ||     9
       Burn Spellbooks   |       |       |       |     2 ||     2
Evoke: Wand              |       |       |       |     2 ||     2
  Use: Scroll            |    10 |     3 |     1 |    15 ||    29
       Potion            |       |     4 |     2 |     8 ||    14
  Eat: Bread ration      |     1 |     1 |     4 |     5 ||    11
Armor: Animal skin       |     4 |       |       |       ||     4
       Ring mail         |     4 |       |       |       ||     4
       Chain mail        |    40 |    58 |   122 |   330 ||   550
Dodge: Dodged            |    62 |    50 |   113 |   323 ||   548
Block: Other             |       |       |    39 |   171 ||   210
       Reflection        |       |       |     2 |     8 ||    10
